 Dungeon Sprint DCSS version 0.21-a0-41-g5e91fef (webtiles) character file.

2490 Kidiri the Thaumaturge (level 9, -8/50 HPs)
             Began as a Deep Elf Fire Elementalist on June 3, 2017.
             Was a Follower of Vehumet.
             Mangled by a crocodile (19 damage)
             ... in the Dungeon (Sprint II: "The Violet Keep of Menkaure").
             The game lasted 00:10:54 (1953 turns).

Kidiri the Thaumaturge (Deep Elf Fire Elementalist) Turns: 1953, Time: 00:10:54

Health: -8/50      AC:  2    Str:  5    XL:     9   Next: 27%
Magic:  17/29      EV: 19    Int: 24    God:    Vehumet [*.....]
Gold:   157        SH:  0    Dex: 15    Spells: 6/37 levels left

rFire    . . .     SeeInvis .   (no weapon)
rCold    . . .     Gourm    .   (no shield)
rNeg     . . .     Faith    .   a - +0 robe
rPois    .         Spirit   .   (no helmet)
rElec    .         Reflect  .   (no cloak)
rCorr    .         Harm     .   (no gloves)
MR       .....     Rnd*Rage +   (no boots) Stlth +.........NoTele +
                                (no amulet)
Regen    0.2/turn               (no ring)
MPRegen  0.3/turn               (no ring)

@: very slightly contaminated, very slow
A: berserk 1, frail 1, screaming 1
a: Renounce Religion


You were in the Dungeon.
You worshipped Vehumet.
Vehumet was aware of your devotion.
You were near starving.

You visited 1 branch You collected 1067 gold pieces.
You spent 910 gold pieces at shops.

Inventory:

Armour
 a - a +0 robe (worn)
Potions
 f - a potion of haste
 h - a potion of berserk rage
Books
 b - a book of Flames

   Spells                             Type                      Level
   a - Flame Tongue                   Conjuration/Fire             1
   b - Throw Flame                    Conjuration/Fire             2
   c - Conjure Flame                  Conjuration/Fire             3
   d - Inner Flame                    Hexes/Fire                   3
   e - Sticky Flame                   Conjuration/Fire             4
   f - Fireball                       Conjuration/Fire             5
 d - a book of Fire

   Spells                             Type                      Level
   a - Ignite Poison                  Fire/Transmutation/Poison    3
   b - Fireball                       Conjuration/Fire             5
   c - Bolt of Fire                   Conjuration/Fire             6
   d - Ring of Flames                 Charms/Fire                  7
   e - Ignition                       Fire                         8


   Skills:
 + Level 6.7 Fighting
 + Level 6.7 Armour
 + Level 10.0 Dodging
 - Level 2.4 Stealth
 * Level 14.5 Spellcasting
 + Level 9.0 Conjurations
 + Level 0.0 Charms
 + Level 9.6 Fire Magic


You had 6 spell levels left.
You knew the following spells:

 Your Spells              Type           Power        Failure   Level  Hunger
a - Flame Tongue          Conj/Fire      #####        1%          1    None
b - Throw Flame           Conj/Fire      ######       1%          2    None
c - Conjure Flame         Conj/Fire      ######..     1%          3    None
d - Inner Flame           Hex/Fire       #####...     1%          3    None
e - Sticky Flame          Conj/Fire      ######..     1%          4    None
f - Fireball              Conj/Fire      ######....   1%          5    ##.....
g - Bolt of Fire          Conj/Fire      ######....   11%         6    #####..
h - Ring of Flames        Chrm/Fire      #####.....   98%         7    ######.


Dungeon Overview and Level Annotations

Branches:
Dungeon (1/1)

Altars:
Cheibriados
Dithmenos
Elyvilon
Fedhas
Gozag
Hepliaklqana
Kikubaaqudgha
Makhleb
Nemelex Xobeh
Okawaru
Qazlal
Ru
Sif Muna
Trog
Uskayaw
Vehumet
Wu Jian
Xom
Yredelemnul
Zin
The Shining One
Beogh
Jiyva
Lugonu

Shops:
D :=}[==%[:!!%(:?(

Annotations:
D exclusion: oklob plant


Innate Abilities, Weirdness & Mutations

You tend to lose your temper in combat.
You are frail. (-10% HP)
You occasionally shout uncontrollably at your foes.


Message History

Casting: Bolt of Fire
Confirm with . or Enter, or press ? or * to list all spells.
Aiming: Bolt of Fire
Press: ? - help, Shift-Dir - straight line, f - crocodile
Aim: a crocodile You miscast Bolt of Fire.
You are very lightly contaminated with residual magic.
Your skin glows momentarily.
You are near starving!
The crocodile bites you!
* * * LOW HITPOINT WARNING * * *
Casting: Bolt of Fire
Confirm with . or Enter, or press ? or * to list all spells.
Aiming: Bolt of Fire
Press: ? - help, Shift-Dir - straight line, f/p - crocodile
Aim: a crocodile You miscast Bolt of Fire.
You hear a sizzling sound.
The crocodile bites you!!
You die...

. #. k .#### +.##.
)▓$%?[??$!▓▓ ...#
...####▓?(?))[!)▓▓ ##..##
#..##.#▓)($$!?)[▓▓ .##..#
+..#..#▓[(![?$=[▓▓ ..#..#
#..#..#▓)!$%!(![▓▓
#.+..####.^##.#▓$??$$!$%▓▓
..#....###...##▓▓▓▓▓▓▓+▓▓▓▓+▓
.##....§.≈≈)≈≈≈≈@tt≈≈≈..wXw≈▓
##≈≈.....§#'########'###.ww≈▓
≈≈§§≈≈≈..≈#....._..#≈§§# §≈▓
≈≈≈§≈≈≈≈.≈#...._._.#≈≈§§# ▓
≈§≈§≈≈≈≈≈≈#..._._._#§§§§≈#
≈≈≈≈§≈§≈≈≈#.._._._.#§§§§§≈
#≈≈§§§≈≈≈≈#._._._._#§§§§§≈
##≈≈≈###§≈#_._._._.#≈§§§≈t ≈
#≈≈#._._._._#§


You could see 2 crocodiles.

Vanquished Creatures
  A merfolk siren (D)
  A yaktaur (D)
  3 polar bears (D)
  A hornet (D)
  4 neqoxecs (D)
  Menkaure (D)
  4 necrophages (D)
  A scorpion (D)
  4 worker ants (D)
  A tentacle (D)
21 creatures vanquished.

Vanquished Creatures (others)
  A crocodile (D)
  27 tentacles (D)
28 creatures vanquished.

Grand Total: 49 creatures vanquished

Notes
Turn   | Place    | Note
-------+----------+-------------------------------------------
     0 | D        | Kidiri the Deep Elf Fire Elementalist began the quest for the Orb.
     0 | D        | Reached XP level 1. HP: 10/10 MP: 6/6
     1 | D        | Noticed a necrophage
     1 | D        | Noticed a necrophage
     1 | D        | Noticed a necrophage
     1 | D        | Noticed a necrophage
    10 | D        | Killed a necrophage
    10 | D        | Reached skill level 6 in Spellcasting
    10 | D        | Reached XP level 2. HP: 17/17 MP: 4/11
    10 | D        | Reached XP level 3. HP: 21/21 MP: 4/13
    10 | D        | Reached XP level 4. HP: 26/26 MP: 4/14
    14 | D        | Killed a necrophage
    14 | D        | Reached skill level 5 in Dodging
    14 | D        | Reached skill level 8 in Spellcasting
    14 | D        | Reached skill level 5 in Fire Magic
    14 | D        | Reached XP level 5. HP: 32/32 MP: 1/17
    21 | D        | Killed a necrophage
    21 | D        | Reached skill level 9 in Spellcasting
    21 | D        | Reached skill level 5 in Conjurations
    29 | D        | Killed a necrophage
    29 | D        | Reached XP level 6. HP: 14/35 MP: 6/20
    43 | D        | Learned a level 2 spell: Throw Flame
    47 | D        | Learned a level 3 spell: Conjure Flame
    51 | D        | Learned a level 3 spell: Inner Flame
    56 | D        | Learned a level 4 spell: Sticky Flame
    62 | D        | Learned a level 5 spell: Fireball
   224 | D        | Noticed a neqoxec
   224 | D        | Noticed a neqoxec
   224 | D        | Noticed a neqoxec
   224 | D        | Noticed a neqoxec
   228 | D        | Gained mutation: You tend to lose your temper in combat. [a neqoxec]
   229 | D        | Gained mutation: You occasionally shout uncontrollably at your foes. [a neqoxec]
   233 | D        | Killed a neqoxec
   233 | D        | Killed a neqoxec
   233 | D        | Reached skill level 10 in Spellcasting
   233 | D        | Reached skill level 11 in Spellcasting
   233 | D        | Reached XP level 7. HP: 41/41 MP: 6/23
   233 | D        | Gained mutation: You do not regenerate when monsters are visible. [a neqoxec]
   234 | D        | Killed a neqoxec
   234 | D        | Reached skill level 5 in Armour
   286 | D        | Lost mutation: You do not regenerate when monsters are visible. [a neqoxec]
   344 | D        | Gained mutation: You are frail. (-10% HP) [a neqoxec]
   345 | D        | Killed a neqoxec
   345 | D        | Reached skill level 5 in Fighting
   345 | D        | Reached skill level 12 in Spellcasting
   497 | D        | Noticed a merfolk siren
   514 | D        | Killed a merfolk siren
   514 | D        | Reached XP level 8. HP: 19/42 MP: 8/26
   704 | D        | Found Pozuf's Magic Scroll Emporium.
   706 | D        | Found Etorawk Ikhla's Antique Weapon Shoppe.
   708 | D        | Found Oxisebog's Distillery.
   708 | D        | Found Seibos's Book Emporium.
   708 | D        | Found Uzaojah's Antique Armour Shoppe.
   713 | D        | Found Sigholo's Jewellery Emporium.
   713 | D        | Found Cucva's Jewellery Shoppe.
   714 | D        | Noticed Menkaure
   721 | D        | Killed Menkaure
   721 | D        | Reached skill level 13 in Spellcasting
   742 | D        | Found Onic's Food Shoppe.
   742 | D        | Found Xoenauna's Antique Armour Emporium.
   743 | D        | Found Keewkod's Gadget Shoppe.
   743 | D        | Found Pymu's Jewellery Emporium.
   744 | D        | Found Haweaclarph's Book Shoppe.
   744 | D        | Found Fuaqisug's Food Emporium.
   745 | D        | Found Weddosam's Antique Weapon Shoppe.
   745 | D        | Found Yxaenga's Distillery.
   746 | D        | Noticed an ice dragon
   747 | D        | Noticed an oklob plant
   748 | D        | Noticed a shining eye
   748 | D        | Found Moiplerch's Book Shoppe.
   749 | D        | Noticed a shining eye
   749 | D        | Noticed a shining eye
   761 | D        | Bought a book of Fire for 910 gold pieces
   768 | D        | Learned a level 6 spell: Bolt of Fire
   926 | D        | HP: 2/45 [electric eel/bolt of electricity (5)]
  1219 | D        | Found a blossoming altar of Fedhas.
  1220 | D        | Found a white marble altar of Elyvilon.
  1221 | D        | Found an opulent altar of Gozag.
  1222 | D        | Found a burning altar of Makhleb.
  1223 | D        | Found a shadowy altar of Dithmenos.
  1223 | D        | Found a corrupted altar of Lugonu.
  1224 | D        | Found a snail-covered altar of Cheibriados.
  1224 | D        | Found an ancient bone altar of Kikubaaqudgha.
  1224 | D        | Found a bloodstained altar of Trog.
  1225 | D        | Found a roughly hewn altar of Beogh.
  1225 | D        | Found a viscous altar of Jiyva.
  1225 | D        | Found a deep blue altar of Sif Muna.
  1226 | D        | Found a hazy altar of Hepliaklqana.
  1226 | D        | Found a sacrificial altar of Ru.
  1226 | D        | Found a shimmering altar of Xom.
  1227 | D        | Found a stormy altar of Qazlal.
  1227 | D        | Found an ornate altar of the Wu Jian Council.
  1227 | D        | Found a sparkling altar of Nemelex Xobeh.
  1227 | D        | Found a hide-covered altar of Uskayaw.
  1227 | D        | Found a basalt altar of Yredelemnul.
  1227 | D        | Found a glowing golden altar of the Shining One.
  1227 | D        | Noticed a hornet
  1227 | D        | Noticed a polar bear
  1228 | D        | Found an iron altar of Okawaru.
  1228 | D        | Found a radiant altar of Vehumet.
  1228 | D        | Found a glowing silver altar of Zin.
  1228 | D        | Noticed a yaktaur
  1231 | D        | Noticed a polar bear
  1232 | D        | Noticed a polar bear
  1239 | D        | Became a worshipper of Vehumet
  1244 | D        | Killed a yaktaur
  1246 | D        | Killed a polar bear
  1247 | D        | Killed a polar bear
  1247 | D        | Reached * piety under Vehumet
  1247 | D        | Offered knowledge of Sandblast by Vehumet.
  1247 | D        | Reached skill level 14 in Spellcasting
  1247 | D        | Reached XP level 9. HP: 50/50 MP: 3/29
  1252 | D        | Paralysed by a hornet for 1 turns
  1387 | D        | Noticed an ice statue
  1400 | D        | Killed a polar bear
  1400 | D        | Reached skill level 10 in Dodging
  1441 | D        | Learned a level 7 spell: Ring of Flames
  1446 | D        | Noticed a kraken
  1953 | D        | Mangled by a crocodile

Vault maps used:
D:        the_violet_keep_of_menkaure

Skill      XL: |  1  2  3  4  5  6  7  8  9 |
---------------+----------------------------+-----
Fighting       | 2 3 4 5 6 |  6.7
Armour         | 2 3 4 5 6 |  6.7
Dodging        | 4 5 6 7 8 9 10 | 10.0
Spellcasting   | 6 8 9 11 12 14 | 14.5
Conjurations   | 3 4 5 6 7 8 9 |  9.0
Fire Magic     | 4 5 6 7 8 9 |  9.6
Stealth        | |  2.4

Action                   |  1- 3 |  4- 6 |  7- 9 || total
-------------------------+-------+-------+-------++-------
Melee: Unarmed           |       |       |     1 ||     1
 Cast: Flame Tongue      |     7 |    23 |    36 ||    66
       Conjure Flame     |       |     1 |     4 ||     5
       Sticky Flame      |       |     1 |     5 ||     6
       Inner Flame       |       |     1 |       ||     1
       Throw Flame       |       |       |     3 ||     3
       Bolt of Fire      |       |       |    11 ||    11
       Fireball          |       |       |     2 ||     2
  Use: Potion            |     1 |     1 |     2 ||     4
       Scroll            |       |       |     1 ||     1
  Eat: Bread ration      |       |       |     1 ||     1
Armor: Robe              |     1 |     2 |     2 ||     5
Dodge: Dodged            |     5 |    10 |    21 ||    36
